 Dungeon Crawl Stone Soup version 0.31-a0-255-g9c3d1c461a (webtiles) character file.

Game seed: 4412695081687822526

23 qw the Shooter (level 2, 0/24 HPs)
             Began as a Minotaur Hexslinger on July 12, 2023.
             Succumbed to an adder's poison
             ... on level 2 of the Dungeon.
             The game lasted 00:00:14 (852 turns).

qw the Shooter (Minotaur Hexslinger)                 Turns: 852, Time: 00:00:15

Health: 0/24       AC:  5    Str: 12    XL:     2   Next: 75%
Magic:  2/2        EV: 10    Int: 10    God:
Gold:   30         SH:  0    Dex: 12    Spells: 2/3 levels left

rFire   . . .        Y - +1 sling
rCold   . . .        (no shield)
rNeg    . . .        e - +0 ring mail
rPois   .            (helmet restricted)
rElec   .            (no cloak)
rCorr   .            (no gloves)
SInv    .            (no boots)
Will    .....        (no amulet)
Stlth   +            (no ring)
HPRegen 0.24/turn    (no ring)
MPRegen 0.08/turn

%: no passive effects
@: lethally poisoned (0 -> -1), about to teleport
A: horns 2, retaliatory headbutt
a: no special abilities


You were on level 2 of the Dungeon.
You visited 1 branch of the dungeon, and saw 2 of its levels.

You collected 30 gold pieces.


Innate Abilities, Weirdness & Mutations

You have a pair of horns on your head.
You reflexively headbutt those who attack you in melee.


   Skills:
 - Level 2.0 Fighting
 + Level 3.4 Ranged Weapons
 - Level 2.1 Dodging
 - Level 1.0 Spellcasting
 - Level 2.0 Hexes


You had 2 spell levels left.
You knew the following spells:

 Your Spells              Type           Power      Damage    Failure   Level
a - Slow                  Hex            16%        N/A       34%         1

Your spell library contained the following spells:

 Spells                   Type           Power      Damage    Failure   Level
 Inner Flame              Hex/Fire       2%         N/A       83%         3
 Portal Projectile        Hex/Tloc       4%         N/A       83%         3
 Cause Fear               Hex            2%         N/A       98%         4

Inventory:

Hand Weapons
 Y - a +1 sling (weapon)
Armour
 e - a +0 ring mail (worn)
Scrolls
 b - a scroll of identify {unknown}

Dungeon Overview and Level Annotations

Branches:
Dungeon (2/15)

Altars:

Annotations:
D:2 Terence


Message History

Terence the Incautious comes into view.
He is wielding a +0 falchion.
You shoot a sling bullet. The sling bullet barely misses Terence.
An adder comes into view.
Terence hits you with a +0 falchion.
You shoot a sling bullet. The sling bullet barely misses Terence.
Terence misses you. You furiously retaliate!
You headbutt Terence! Terence hits you with a +0 falchion.
A goblin comes into view. It is wielding a +0 dagger.
You shoot a sling bullet. The goblin shouts!
The sling bullet hits Terence.
Terence is heavily wounded.
You hear an angry hiss.
Terence hits you with a +0 falchion.
You shoot a sling bullet. The sling bullet hits Terence.
Terence is heavily wounded.
The adder bites you.
You are poisoned.
The adder poisons you! Terence barely misses you. The adder barely misses you.
You shoot a sling bullet.
The sling bullet closely misses Terence.
You feel sick. The adder closely misses you. You furiously retaliate!
You headbutt the adder. Terence hits you with a +0 falchion.
The adder closely misses you.
Terence shouts, "DIE!!!"
Terence hits you with a +0 falchion.
850 ||| READING scroll of teleportation.
As you read the scroll of teleportation, it crumbles to dust.
You feel strangely unstable.
You feel sick. The adder barely misses you.
Terence hits you but does no damage.
You shoot a sling bullet.
The sling bullet closely misses Terence.
The sling bullet hits the goblin.
You kill the goblin!
You feel sick. The adder closely misses you. You furiously retaliate!
You headbutt the adder. Terence closely misses you.
The adder closely misses you.
You shoot a sling bullet.
The sling bullet closely misses the adder.
You die...

.......... ........#. .
........#. ..
#################. ...
#................. ....
#.#####..........# ..(..
#.# #..........#
......#.#####..........#
.....)@@................
...#..S..####.........^#
....###.... #..........#
... #.....#..........#
.. #.......#.###....# .
#.......#.# #....#
#######...# #....# #....
...(..


You could see Terence and an adder.

Vanquished Creatures
  3 ball pythons
  4 endoplasms (D:1)
  A giant cockroach (D:2)
  3 goblins
  A hobgoblin (D:1)
  2 jackals (D:2)
  3 bats
  A frilled lizard (D:1)
  A kobold (D:1)
  A rat (D:1)
20 creatures vanquished.

Notes
Turn   | Place    | Note
-------+----------+-------------------------------------------
     0 | D:1      | qw the Minotaur Hexslinger began the quest for the Orb.
     0 | D:1      | Reached XP level 1. HP: 16/16 MP: 1/1
     0 | D:1      | 0 ||| qw: Version: 0.3-a-52-g30416fa
     0 | D:1      | 0 ||| qw: Game counter: 6671
     0 | D:1      | 0 ||| qw: Melee chars always use a shield: true
     0 | D:1      | 0 ||| qw: God list: Okawaru
     0 | D:1      | 0 ||| qw: Allow faded altars: false
     0 | D:1      | 0 ||| qw: Do Orc after clearing Dungeon:15 true
     0 | D:1      | 0 ||| qw: Do second Lair branch before Depths: true
     0 | D:1      | 0 ||| qw: Lair rune preference: random
     0 | D:1      | 0 ||| qw: Goals: Normal
     0 | D:1      | 0 ||| PLANNING D:1-11
   174 | D:1      | Reached skill level 3 in Ranged Weapons
   190 | D:1      | Reached XP level 2. HP: 23/23 MP: 2/2
   580 | D:1      | You fall into a shaft and drop 1 floor!
   632 | D:2      | 632 ||| UPGRADING to +0 ring mail.
   642 | D:2      | 642 ||| DROPPING +0 robe.
   643 | D:2      | 643 ||| READING 2 scrolls labelled ERITWO ETACA.
   648 | D:2      | 648 ||| READING scroll labelled KAYHAO LATRU.
   649 | D:2      | 649 ||| READING scroll labelled WAARHI GEBB.
   650 | D:2      | 650 ||| DROPPING scroll of poison.
   844 | D:2      | Noticed Terence
   849 | D:2      | HP: 3/24 [Terence/+0 falchion (5)]
   850 | D:2      | 850 ||| READING scroll of teleportation.
   851 | D:2      | HP: 1/24 [poisoned by an adder]
   852 | D:2      | Succumbed to an adder's poison

Levels and vault maps discovered:
D:1:      erik_arrival_triangle_large, layout_loops_ring
D:2:      layout_basic, uniq_terence

Skill      XL: |  1  2 |
---------------+-------+-----
Ranged Weapons | 3 |  3.4
Fighting       | 2 |  2.0
Dodging        | |  2.1
Spellcasting   | |  1.0
Hexes          | |  2.0

Action                     || total
---------------------------++-------
   Fire: Sling             ||    50
    Use: Scroll            ||     4
 Armour: Ring mail         ||     4
         Robe              ||     2
  Dodge: Dodged            ||    26

Table legend:
 A = Non-vault XP
 B = Vault XP
 C = Vault XP percentage of total XP
 D = Non-vault monster count
 E = Vault monster count
 F = Vault count percentage of total count
                 A         B        C        D         E       F
            +---------+---------+-------+---------+---------+-------
      Total |      34 |       0 |   0.0 |      20 |       0 |   0.0
            +---------+---------+-------+---------+---------+-------
        D:1 |      24 |       0 |   0.0 |      14 |       0 |   0.0
        D:2 |      10 |       0 |   0.0 |       6 |       0 |   0.0
            +---------+---------+-------+---------+---------+-------
